Map: Base du roi Sejong EC

Players

Warzey - Winner!

  • Race: Terran Terran
  • League: Platinum
  • Spawn Location: 11:00

zidar

  • Race: Zerg Zerg
  • League: Platinum
  • Spawn Location: 5:00

VOD

Have the link to the VOD?

Description

Time

  • Played on: Nov. 2, 2016, 3:07 p.m.
  • Length: 13:10
Show
View Real Time Build Order
Export as new Build Order

Warzey Terran - Winner!

Build Orders:  

Get SALT Encoding   

  12  0:02  SCV  
  13  0:14  SCV  
  14  0:26  SCV  
  15  0:35  Supply Depot  
  15  0:46  Refinery  
  15  0:57  SCV  
  16  1:01  Barracks  
  16  1:09  SCV  
  17  1:21  Barracks, SCV  
  18  1:33  SCV  
  19  1:45  SCV  
  20  1:56  Supply Depot  
  20  1:58  Barracks Reactor  
  20  2:01  Orbital Command  
  20  2:07  Barracks Tech Lab  
  20  2:26  Command Center, SCV  
  21  2:37  Refinery  
  21  2:39  Factory  
  21  2:41  SCV  
  22  2:45  Marine x2  
  22  2:49  Marine  
  25  2:55  Supply Depot  
  25  2:57  SCV  
  26  3:04  Marine x2  
  28  3:07  Marine  
  28  3:09  Stimpack  
  28  3:10  SCV  
  30  3:22  Factory Reactor  
  30  3:30  Starport  
  30  3:35  Engineering Bay  
  30  3:38  Supply Depot  
  30  3:44  SCV  
  31  3:49  Orbital Command  
  31  3:56  SCV  
  31  4:02  Marine x2  
  32  4:08  Marine, SCV  
  36  4:15  SCV  
  37  4:20  Marine x2, SCV  
  37  4:21  Terran Infantry Weapons Level 1  
  40  4:25  Medivac  
  40  4:26  Medivac  
  40  4:31  Marine  
  44  4:38  Marine x2  
  45  4:40  SCV x2  
  49  4:52  Marine, SCV x2  
  52  4:56  Marine x2  
  54  5:00  Supply Depot  
  54  5:02  Supply Depot  
  54  5:04  SCV x2  
  56  5:10  Medivac x2  
  56  5:12  Marine  
  56  5:14  Marine  
  62  5:21  Combat Shield  
  62  5:22  SCV x2  
  52  5:46  SCV x2  
  54  5:58  SCV  
  54  5:59  SCV  
  56  6:10  SCV  
  56  6:11  SCV  
  58  6:28  Marine x3  
  51  6:44  SCV x2  
  51  6:45  Marine  
  51  6:46  Marine x2  
  56  6:50  Terran Infantry Armor Level 1  
  56  6:51  Command Center  
  56  6:56  SCV x2  
  56  6:57  Armory  
  56  7:00  Engineering Bay  
  58  7:03  Marine x2  
  58  7:05  Missile Turret, Supply Depot  
  58  7:07  Supply Depot  
  58  7:08  SCV  
  61  7:12  Missile Turret  
  61  7:24  Marine x2  
  61  7:25  Marine  
  61  7:26  Barracks x2  
  61  7:28  Barracks  
  64  7:31  Refinery  
  64  7:33  Refinery, SCV x2  
  66  7:42  Marine  
  67  7:47  Marine x2  
  69  7:52  Factory Reactor  
  69  7:54  SCV  
  69  7:55  SCV  
  71  8:00  Marine  
  72  8:09  Terran Infantry Weapons Level 2  
  72  8:11  Supply Depot  
  72  8:13  Barracks  
  72  8:15  Supply Depot  
  72  8:17  Marine  
  72  8:19  Liberator x2, Barracks Reactor  
  74  8:20  Barracks Tech Lab  
  74  8:23  Barracks Tech Lab  
  73  8:33  Marine x2  
  75  8:35  Marine  
  75  8:38  Orbital Command  
  82  8:43  Terran Infantry Armor Level 2  
  82  8:45  Marine x2  
  84  8:51  Marine x2  
  84  8:52  Marine  
  87  9:02  Marine  
  87  9:03  Marine  
  87  9:08  Marine  
  90  9:10  Orbital Command  
  90  9:17  Marine x4  
  90  9:18  Marine  
  90  9:21  Marine x2  
  97  9:26  Marine  
  98  9:35  Marine x5  
  103  9:38  Marine  
  103  9:39  Marine  
  103  9:44  Marine  
  106  9:49  SCV, Supply Depot  
  106  9:50  SCV x2  
  109  9:52  Supply Depot  
  109  9:53  Marine x4  
  109  9:54  Marauder  
  109  9:57  Marauder x2  
  119  10:02  Marine, SCV x3  
  123  10:15  Marauder  
  123  10:18  Marauder x2  
  129  10:23  Marine x4  
  129  10:25  Concussive Shells  
  129  10:27  SCV x3  
  136  10:36  Supply Depot  
  136  10:37  Marauder, Supply Depot  
  136  10:39  SCV x2  
  140  10:44  Marauder x2  
  141  10:57  Marine x6  
  147  11:14  Marine x2  
  147  11:15  Marine  
  147  11:18  Medivac x2  
  151  11:20  SCV x3  
  154  11:32  SCV x2  
  156  11:33  SCV  
  157  11:46  Supply Depot x2  
  157  11:50  Missile Turret  
  157  11:51  Missile Turret  
  157  12:01  Command Center  
  157  12:07  Marine x4, Marauder x2  
  157  12:08  Marauder  
  167  12:18  Supply Depot  
  167  12:22  Barracks  
  167  12:25  Supply Depot  
  167  12:26  Supply Depot  
  167  12:29  Marauder x2  
  171  12:39  Refinery  
  171  12:45  Refinery  
Show
View Real Time Build Order
Export as new Build Order

zidar Zerg 

Build Orders: Hatch First, Muta Ling Bane 

Get SALT Encoding   

  12  0:01  Drone  
  13  0:12  Overlord  
  13  0:17  Drone  
  14  0:30  Drone x2  
  16  0:52  Hatchery  
  16  0:54  Drone  
  16  0:58  Extractor  
  16  1:00  Drone  
  16  1:20  Spawning Pool  
  16  1:23  Drone  
  16  1:28  Drone  
  18  1:32  Drone  
  18  1:38  Drone  
  19  2:08  Queen x2  
  21  2:10  Metabolic Boost  
  21  2:13  Zergling x2  
  24  2:15  Zergling x2  
  24  2:19  Zergling x2  
  25  2:28  Drone x2  
  27  2:51  Baneling Nest, Drone x2  
  28  2:54  Overlord x2  
  29  3:12  Drone  
  29  3:13  Drone x3  
  29  3:16  Pneumatized Carapace  
  32  3:24  Drone x3  
  35  3:30  Drone x2  
  36  3:48  Evolution Chamber  
  35  4:08  Queen  
  37  4:14  Extractor  
  36  4:17  Lair, Extractor  
  36  4:20  Extractor, Drone x8  
  42  4:25  Baneling x4  
  42  4:29  Drone  
  43  4:41  Drone  
  44  5:15  Overlord x5  
  43  5:33  Evolution Chamber  
  41  5:38  Evolution Chamber  
  40  5:44  Zergling x10  
  40  5:45  Zergling x16  
  53  5:58  Spire  
  53  6:04  Infestation Pit  
  47  6:15  Baneling  
  47  6:16  Baneling x4  
  44  6:19  Zergling x2  
  44  6:20  Zergling x16  
  47  6:43  Hatchery  
  46  6:50  Baneling x3  
  46  6:51  Baneling  
  46  6:55  Hatchery  
  45  7:06  Zerg Melee Weapons Level 1  
  45  7:10  Zerg Ground Armor Level 1  
  45  7:17  Queen  
  47  7:25  Mutalisk x3  
  53  7:54  Zergling x10  
  58  8:04  Hive  
  58  8:07  Drone x3  
  58  8:08  Drone  
  60  8:34  Drone x5  
  60  8:35  Drone x2  
  67  8:46  Baneling x5  
  67  8:47  Baneling x10  
  67  8:53  Centrifical Hooks  
  67  9:05  Zergling x10  
  67  9:06  Zergling x2  
  73  9:39  Drone x8  
  81  9:50  Overlord x2  
  81  9:51  Overlord  
  81  10:12  Extractor  
  81  10:13  Zergling x26  
  93  10:15  Extractor  
  92  10:25  Extractor  
  90  10:54  Drone x2  
  90  10:55  Drone x4  
  88  11:17  Drone x9  
  97  11:21  Overlord x4  
  97  11:24  Adrenal Glands  
  97  11:32  Ultralisk Cavern  
  96  11:42  Drone  
  96  11:43  Drone  
  98  11:49  Drone  
  98  11:50  Drone x6  
  105  12:00  Hatchery  
  104  12:07  Zergling x12  
  110  12:11  Baneling x10  
  111  12:30  Drone x2  
  112  12:45  Overlord x2  
  112  12:46  Overlord x3  
Tags
 
Add a new tag
Caveats
  • Supply blocks, unpowered buildings, or Contaminate may cause inaccurate times.
  • Supply counts are checked every 10 seconds.